TOP OF THE 1ST |
Grand Forks Caterpillars batting - Pitching for York Revolution : RHP Gary MacHardy
|
Pitching: RHP Gary MacHardy
|
|
Batting: RHB Joaquín Lara
|
0-0: Ball 1-0: Swinging Strike 1-1: Ball 2-1: Swinging Strike 2-2: Strikes out swinging
|
Batting: RHB Craig Tricket
|
0-0: Ground out 4-3 (Groundball, 4)
|
Batting: RHB Nelson Jaramillo
|
0-0: Foul Ball, location: 2F 0-1: Called Strike 0-2: Ball 1-2: Ball 2-2: Foul Ball, location: 2F 2-2: Ground out 6-3 (Groundball, 6M)
|
Top of the 1st over - 0 run(s), 0 hit(s), 0 error(s), 0 left on base; Grand Forks 0 - York 0 |
BOTTOM OF THE 1ST |
York Revolution batting - Pitching for Grand Forks Caterpillars : RHP Dahab Kanda
|
Pitching: RHP Dahab Kanda
|
|
Batting: RHB Ernesto Deleón
|
0-0: Ball 1-0: Foul Ball, location: 2F 1-1: Called Strike 1-2: Ball 2-2: Strikes out swinging
|
Batting: LHB Gong Mao
|
0-0: Ball 1-0: Ball 2-0: Foul Ball, location: 2F 2-1: Foul Ball, location: 2F 2-2: Strikes out swinging
|
Batting: RHB Ángelo Díaz
|
0-0: Ball 1-0: Called Strike 1-1: Foul Ball, location: 2F 1-2: Strikes out looking
|
Bottom of the 1st over - 0 run(s), 0 hit(s), 0 error(s), 0 left on base; Grand Forks 0 - York 0 |
TOP OF THE 2ND |
Grand Forks Caterpillars batting - Pitching for York Revolution : RHP Gary MacHardy
|
Batting: LHB Arana Sashi
|
0-0: Ball 1-0: Foul Ball, location: 2F 1-1: Ball 2-1: Ball 3-1: Base on Balls
|
Batting: SHB Tony Walsh
|
0-0: Swinging Strike 0-1: Ball 1-1: Ball 2-1: Swinging Strike 2-2: Foul Ball, location: 2F 2-2: Strikes out swinging
|
Batting: LHB Michael Woodard
|
0-0: Ball Arana Sashi is caught stealing 2nd base 1-0: Foul Ball, location: 2F 1-1: Ball 2-1: Ball 3-1: Base on Balls
|
Batting: LHB Mike Goff
|
0-0: Fielders Choice at 2nd, 4-6 (Groundball, 4)
|
Top of the 2nd over - 0 run(s), 0 hit(s), 0 error(s), 0 left on base; Grand Forks 0 - York 0 |
BOTTOM OF THE 2ND |
York Revolution batting - Pitching for Grand Forks Caterpillars : RHP Dahab Kanda
|
Batting: RHB Cisco Feijoo
|
0-0: Called Strike 0-1: Swinging Strike 0-2: Strikes out swinging
|
Batting: RHB Ronald Comejo
|
0-0: Ball 1-0: Ball 2-0: Called Strike 2-1: Swinging Strike 2-2: SINGLE (Line Drive, 78S)
|
Batting: SHB Jeff Lowe
|
0-0: Called Strike 0-1: Called Strike 0-2: Ball 1-2: Ground out 6-3 (Groundball, 6M) Ronald Comejo to second
|
Batting: RHB Kasper Schuilenberg
|
0-0: Foul Ball, location: 2F 0-1: Swinging Strike 0-2: Foul Ball, location: 2F 0-2: Ball 1-2: Foul Ball, location: 2F 1-2: Ball 2-2: Foul Ball, location: 2F 2-2: Strikes out swinging
|
Bottom of the 2nd over - 0 run(s), 1 hit(s), 0 error(s), 1 left on base; Grand Forks 0 - York 0 |
TOP OF THE 3RD |
Grand Forks Caterpillars batting - Pitching for York Revolution : RHP Gary MacHardy
|
Batting: LHB Ieyoshi Samurakami
|
0-0: Called Strike 0-1: Fly out, F7 (Flyball, 78S)
|
Batting: RHB Moriz Ayushiev
|
0-0: Swinging Strike 0-1: Swinging Strike 0-2: Strikes out swinging
|
Batting: RHB Joaquín Lara
|
0-0: Called Strike 0-1: SINGLE (Groundball, 4MS) (infield hit)
|
Batting: RHB Craig Tricket
|
0-0: Called Strike 0-1: Ball 1-1: Ball 2-1: Ball 3-1: Foul Ball, location: 2F 3-2: Strikes out swinging
|
Top of the 3rd over - 0 run(s), 1 hit(s), 0 error(s), 1 left on base; Grand Forks 0 - York 0 |
BOTTOM OF THE 3RD |
York Revolution batting - Pitching for Grand Forks Caterpillars : RHP Dahab Kanda
|
Batting: LHB Joe Ellison
|
0-0: Called Strike 0-1: Ball 1-1: Ball 2-1: Swinging Strike 2-2: Strikes out looking
|
Batting: RHB William Rimmer
|
0-0: Fly out, F7 (Flyball, 7)
|
Batting: RHB Ernesto Deleón
|
0-0: Called Strike 0-1: SINGLE (Flyball, 78S)
|
Batting: LHB Gong Mao
|
0-0: Ball 1-0: Foul Ball, location: 2F 1-1: Called Strike 1-2: Ball 2-2: Strikes out looking
|
Bottom of the 3rd over - 0 run(s), 1 hit(s), 0 error(s), 1 left on base; Grand Forks 0 - York 0 |
TOP OF THE 4TH |
Grand Forks Caterpillars batting - Pitching for York Revolution : RHP Gary MacHardy
|
Batting: RHB Nelson Jaramillo
|
0-0: Ground out 6-3 (Groundball, 6)
|
Batting: LHB Arana Sashi
|
0-0: Ball 1-0: Called Strike 1-1: Foul Ball, location: 2F 1-2: Ground out 6-3 (Groundball, 6)
|
Batting: SHB Tony Walsh
|
0-0: Called Strike 0-1: Foul Ball, location: 2F 0-2: Ball 1-2: Ball 2-2: Ball 3-2: Base on Balls
|
Batting: LHB Michael Woodard
|
0-0: Ball 1-0: Foul Ball, location: 2F 1-1: Foul Ball, location: 2F 1-2: Ball 2-2: Ball Wild Pitch! Tony Walsh to second 3-2: SINGLE (Groundball, 34D) Tony Walsh to third Tony Walsh scores
|
Batting: LHB Mike Goff
|
0-0: Ball 1-0: Called Strike 1-1: Ball 2-1: Ball 3-1: Foul Ball, location: 2F 3-2: DOUBLE (Line Drive, 3D) Michael Woodard to third Michael Woodard scores
|
Batting: LHB Ieyoshi Samurakami
|
0-0: Called Strike 0-1: Fly out, F8 (Flyball, 78M)
|
Top of the 4th over - 2 run(s), 2 hit(s), 0 error(s), 1 left on base; Grand Forks 2 - York 0 |
BOTTOM OF THE 4TH |
York Revolution batting - Pitching for Grand Forks Caterpillars : RHP Dahab Kanda
|
Batting: RHB Ángelo Díaz
|
0-0: Swinging Strike 0-1: Ball 1-1: SINGLE (Line Drive, 6MD)
|
Batting: RHB Cisco Feijoo
|
0-0: Ball 1-0: Ball 2-0: Ball 3-0: Called Strike 3-1: SINGLE (Line Drive, 6D) Ángelo Díaz to second
|
Batting: RHB Ronald Comejo
|
0-0: Ball 1-0: Ball 2-0: Called Strike 2-1: Grounds out, U3 (Groundball, 3L) Ángelo Díaz to third
|
Batting: SHB Jeff Lowe
|
0-0: SINGLE (Groundball, 34D) Ángelo Díaz scores Cisco Feijoo to third Runner from 3rd tries for Home, SAFE, no throw
|
Batting: RHB Kasper Schuilenberg
|
0-0: Ball Wild Pitch! Jeff Lowe to second 1-0: Called Strike 1-1: Ball 2-1: SINGLE (Groundball, 56D) Jeff Lowe to third
|
Batting: LHB Joe Ellison
|
0-0: Called Strike 0-1: Grounds into double play, 5-4-3 (Groundball, 56)
|
Bottom of the 4th over - 2 run(s), 4 hit(s), 0 error(s), 1 left on base; Grand Forks 2 - York 2 |
TOP OF THE 5TH |
Grand Forks Caterpillars batting - Pitching for York Revolution : RHP Gary MacHardy
|
Batting: RHB Moriz Ayushiev
|
0-0: Foul Ball, location: 2F 0-1: Ball 1-1: Fly out, F9 (Flyball, 9S)
|
Batting: RHB Joaquín Lara
|
0-0: Foul Ball, location: 2F 0-1: Called Strike 0-2: Ball 1-2: Strikes out swinging
|
Batting: RHB Craig Tricket
|
0-0: SINGLE (Groundball, 4MD)
|
Batting: RHB Nelson Jaramillo
|
0-0: Ball 1-0: Ball 2-0: Ball 3-0: Base on Balls Craig Tricket to second
|
Batting: LHB Arana Sashi
|
0-0: Fly out, F9 (Line Drive, 9LM)
|
Top of the 5th over - 0 run(s), 1 hit(s), 0 error(s), 2 left on base; Grand Forks 2 - York 2 |
BOTTOM OF THE 5TH |
York Revolution batting - Pitching for Grand Forks Caterpillars : RHP Dahab Kanda
|
Batting: RHB William Rimmer
|
0-0: Called Strike 0-1: Foul Ball, location: 2F 0-2: Ball 1-2: Foul Ball, location: 2F 1-2: TRIPLE (Line Drive, 8LS)
|
Pinch Runner at 3rd Pete Pritchard:
|
|
Batting: RHB Ernesto Deleón
|
0-0: Intentional Walk
|
Batting: LHB Gong Mao
|
0-0: Ball 1-0: Ball 2-0: Called Strike 2-1: Ball 3-1: Fly out, F9 (Flyball, 9LS)
|
Batting: RHB Ángelo Díaz
|
0-0: Ball 1-0: Called Strike Ernesto Deleón steals 2nd base 1-1: Intentional Walk
|
Pitching: RHP Lorenzo Díaz
|
|
Batting: RHB Cisco Feijoo
|
0-0: Ball 1-0: Called Strike 1-1: Foul Ball, location: 2F 1-2: Strikes out swinging
|
Batting: RHB Ronald Comejo
|
0-0: Called Strike 0-1: Ball 1-1: Foul Ball, location: 2F 1-2: Foul Ball, location: 2F 1-2: Ball 2-2: SINGLE (Line Drive, 6MD) Pete Pritchard scores Ernesto Deleón to third Ángelo Díaz to second Runner from 3rd tries for Home, SAFE, no throw
|
Batting: SHB Jeff Lowe
|
0-0: Called Strike 0-1: Called Strike 0-2: Ball 1-2: Ball 2-2: Ball 3-2: Foul Ball, location: 2F 3-2: Fly out, F8 (Flyball, 78D)
|
Bottom of the 5th over - 2 run(s), 2 hit(s), 0 error(s), 2 left on base; Grand Forks 2 - York 4 |
TOP OF THE 6TH |
Grand Forks Caterpillars batting - Pitching for York Revolution : RHP Gary MacHardy
|
Now in LF: Pete Pritchard
|
|
Batting: SHB Tony Walsh
|
0-0: Called Strike 0-1: Foul Ball, location: 2F 0-2: Ball 1-2: Fly out, F9 (Flyball, 9S)
|
Batting: LHB Michael Woodard
|
0-0: Ball 1-0: Called Strike 1-1: Reached on error, E4 (Groundball, 4)
|
Batting: LHB Mike Goff
|
0-0: Foul Ball, location: 2F 0-1: Foul Ball, location: 2F 0-2: Ball 1-2: Ball 2-2: Foul Ball, location: 2F 2-2: Foul Ball, location: 2F 2-2: Fly out, F8 (Flyball, 78M)
|
Batting: LHB Ieyoshi Samurakami
|
0-0: Ball 1-0: Ball 2-0: Ball 3-0: Called Strike 3-1: Fly out, F2 (Popup, 23)
|
Top of the 6th over - 0 run(s), 0 hit(s), 1 error(s), 1 left on base; Grand Forks 2 - York 4 |
BOTTOM OF THE 6TH |
York Revolution batting - Pitching for Grand Forks Caterpillars : RHP Lorenzo Díaz
|
Batting: RHB Kasper Schuilenberg
|
0-0: Ball 1-0: SINGLE (Groundball, 56D)
|
Batting: LHB Joe Ellison
|
0-0: Bunted foul 0-1: Sac Bunt - play at second, runner safe!
|
Batting: RHB Pete Pritchard
|
0-0: Ball 1-0: Reached on error, E5 (Groundball, 5L) Kasper Schuilenberg scores Joe Ellison to third
|
Batting: RHB Ernesto Deleón
|
0-0: Intentional Walk
|
Batting: LHB Gong Mao
|
0-0: Grounds into fielders choice 1-2 (Groundball, 13S) Pete Pritchard to third Ernesto Deleón to second
|
Batting: RHB Ángelo Díaz
|
0-0: Called Strike 0-1: Ball 1-1: Ball 2-1: Reached on error, E6 (Groundball, 6) Pete Pritchard scores Ernesto Deleón to third Gong Mao to second
|
Batting: RHB Cisco Feijoo
|
0-0: Ball 1-0: Grounds into double play, 6-4-3 (Groundball, 56)
|
Bottom of the 6th over - 2 run(s), 1 hit(s), 2 error(s), 2 left on base; Grand Forks 2 - York 6 |
TOP OF THE 7TH |
Grand Forks Caterpillars batting - Pitching for York Revolution : RHP Gary MacHardy
|
Batting: RHB Moriz Ayushiev
|
0-0: Called Strike 0-1: Called Strike 0-2: Foul Ball, location: 2F 0-2: Foul Ball, location: 2F 0-2: Ball 1-2: Ball 2-2: Foul Ball, location: 2F 2-2: Strikes out looking
|
Batting: RHB Joaquín Lara
|
0-0: Ground out 5-3 (Groundball, 56)
|
Batting: RHB Craig Tricket
|
0-0: Ball 1-0: Foul Ball, location: 2F 1-1: SINGLE (Groundball, 56D)
|
Batting: RHB Nelson Jaramillo
|
0-0: Fly out, F7 (Line Drive, 7)
|
Top of the 7th over - 0 run(s), 1 hit(s), 0 error(s), 1 left on base; Grand Forks 2 - York 6 |
BOTTOM OF THE 7TH |
York Revolution batting - Pitching for Grand Forks Caterpillars : RHP Lorenzo Díaz
|
Batting: RHB Ronald Comejo
|
0-0: Swinging Strike 0-1: Foul Ball, location: 2F 0-2: Ball 1-2: SOLO HOME RUN (Flyball, 7LD), Distance : 346 ft
|
Batting: SHB Jeff Lowe
|
0-0: Called Strike 0-1: Ball 1-1: SINGLE (Popup, 5D)
|
Batting: RHB Kasper Schuilenberg
|
0-0: Ball 1-0: Swinging Strike 1-1: Ball 2-1: Called Strike 2-2: Foul Ball, location: 2F 2-2: Foul Ball, location: 2F 2-2: Reached on error, E5 (Groundball, 5) Jeff Lowe to second
|
Batting: LHB Joe Ellison
|
0-0: Bunted foul 0-1: Bunted foul 0-2: Ball 1-2: SINGLE (Groundball, 4MD) Jeff Lowe to third Kasper Schuilenberg to second Runner from 3rd tries for Home, SAFE, throw made home Kasper Schuilenberg to third Joe Ellison to second
|
Batting: RHB Pete Pritchard
|
0-0: SINGLE (Groundball, 6MD) Kasper Schuilenberg scores Joe Ellison to third Runner from 3rd tries for Home, SAFE, no throw
|
Pitching: RHP José Meza
|
|
Batting: RHB Ernesto Deleón
|
0-0: Called Strike 0-1: Ball 1-1: Fielders Choice at 2nd, 6-4 (Groundball, 6)
|
Batting: LHB Gong Mao
|
0-0: Ball Throwing error on steal attempt, E2 Ernesto Deleón to third 1-0: Foul Ball, location: 2F 1-1: Fly out, F8 (Flyball, 8RS)
|
Batting: RHB Ángelo Díaz
|
0-0: Ball 1-0: Fly out, F9 (Flyball, 9LMF)
|
Bottom of the 7th over - 4 run(s), 4 hit(s), 2 error(s), 1 left on base; Grand Forks 2 - York 10 |
TOP OF THE 8TH |
Grand Forks Caterpillars batting - Pitching for York Revolution : RHP Gary MacHardy
|
Now at 3B: Shane Seim
|
|
Batting: LHB Arana Sashi
|
0-0: Ball 1-0: Ball 2-0: Ball 3-0: Called Strike 3-1: Base on Balls
|
Batting: SHB Tony Walsh
|
0-0: Called Strike 0-1: Ball 1-1: Foul Ball, location: 2F 1-2: Foul Ball, location: 2F 1-2: Foul Ball, location: 2F 1-2: Ball 2-2: SINGLE (Groundball, 6MD) Arana Sashi to second Runner from 2nd tries for 3rd, SAFE, throw made to third
|
Pitching: RHP Jack Mason
|
|
Batting: LHB Michael Woodard
|
0-0: Called Strike 0-1: Ball 1-1: Ball 2-1: Fly out, F2 (Popup, 13S)
|
Batting: LHB Mike Goff
|
0-0: Called Strike 0-1: SINGLE (Groundball, 56S) (infield hit) Arana Sashi scores Tony Walsh to second
|
Batting: LHB Ieyoshi Samurakami
|
0-0: Single, Error in OF, E7, batter to second base Tony Walsh scores Mike Goff to third
|
Batting: RHB Moriz Ayushiev
|
0-0: Ball 1-0: Called Strike 1-1: Ground out 6-3 (Groundball, 6) Mike Goff scores
|
Batting: RHB Joaquín Lara
|
0-0: Foul Ball, location: 2F 0-1: Swinging Strike 0-2: Strikes out swinging
|
Top of the 8th over - 3 run(s), 3 hit(s), 1 error(s), 1 left on base; Grand Forks 5 - York 10 |
BOTTOM OF THE 8TH |
York Revolution batting - Pitching for Grand Forks Caterpillars : RHP José Meza
|
Batting: RHB Cisco Feijoo
|
0-0: Called Strike 0-1: Foul Ball, location: 2F 0-2: Foul Ball, location: 2F 0-2: Ball 1-2: Ball 2-2: Strikes out swinging
|
Batting: RHB Ronald Comejo
|
0-0: Foul Ball, location: 2F 0-1: Ball 1-1: Foul Ball, location: 2F 1-2: Foul Ball, location: 2F 1-2: Foul Ball, location: 2F 1-2: Ball 2-2: Foul Ball, location: 2F 2-2: Strikes out swinging
|
Batting: SHB Jeff Lowe
|
0-0: Called Strike 0-1: Called Strike 0-2: Fly out, F7 (Flyball, 7S)
|
Bottom of the 8th over - 0 run(s), 0 hit(s), 0 error(s), 0 left on base; Grand Forks 5 - York 10 |
TOP OF THE 9TH |
Grand Forks Caterpillars batting - Pitching for York Revolution : RHP Jack Mason
|
Pitching: RHP Edward Ayers
|
|
Batting: RHB Craig Tricket
|
0-0: Ball 1-0: Foul Ball, location: 2F 1-1: Ball 2-1: Foul Ball, location: 2F 2-2: Foul Ball, location: 2F 2-2: Ball 3-2: Foul Ball, location: 2F 3-2: Foul Ball, location: 2F 3-2: Strikes out swinging
|
Batting: RHB Nelson Jaramillo
|
0-0: Fly out, F8 (Flyball, 8LM)
|
Batting: LHB Arana Sashi
|
0-0: Ball 1-0: Called Strike 1-1: Ball 2-1: Called Strike 2-2: Ball 3-2: SINGLE (Flyball, 7S)
|
Batting: SHB Tony Walsh
|
0-0: Ball 1-0: Foul Ball, location: 2F 1-1: Swinging Strike 1-2: Strikes out swinging
|
Top of the 9th over - 0 run(s), 1 hit(s), 0 error(s), 1 left on base; Grand Forks 5 - York 10 |
|